 Dungeon Sprint DCSS version 0.31-a0-1-g4198be8af4 (webtiles) character file.

Game seed: 646379401176970855

765 sircluck the Cleaver (level 7, -1/74 HPs)
             Began as a Hill Orc Berserker on May 2, 2023.
             Was an Elder of Trog.
             Slain by a tengu warrior
             ... wielding a +3 great sword
              (3 damage)
             ... in the Dungeon (Sprint IX: "|||||||||||||||||||||||||||||").
             The game lasted 00:00:59 (243 turns).

sircluck the Cleaver (Hill Orc Berserker)            Turns: 243, Time: 00:01:01

Health: -1/74      AC: 11    Str: 25    XL:     7   Next: 81%
Magic:  7/7        EV: 11    Int: 10    God:    Trog [****..]
Gold:   0          SH:  0    Dex: 10    Spells: 6/6 levels left

rFire   . . .        k - +3 war axe (heavy)
rCold   . . .        (no shield)
rNeg    . . .        n - +1 scale mail
rPois   .            m - +0 helmet
rElec   .            (no cloak)
rCorr   .            l - +0 pair of gloves
SInv    .            (no boots)
Will    .....        (no amulet) Stlth
                     o - +3 ring of strength
HPRegen 0.32/turn    p - +3 ring of intelligence
MPRegen 0.10/turn

%: no teleportation
@: no status effects
A: no striking features
a: Renounce Religion, Berserk, Trog's Hand, Brothers in Arms


You were in the Dungeon.
You worshipped Trog.
Trog was greatly pleased with you.
You visited 1 branch

Inventory:

Hand Weapons
 a - a +0 hand axe
 k - a +3 heavy war axe (weapon)
Armour
 b - a +0 animal skin
 l - a +0 pair of gloves (worn)
 m - a +0 helmet (worn)
 n - a +1 scale mail (worn)
Jewellery
 o - a +3 ring of strength (left hand)
 p - a +3 ring of intelligence (right hand)
Wands
 j - a wand of iceblast (10)
Scrolls
 h - 2 scrolls of blinking
Potions
 c - 5 potions of curing
 d - 3 potions of heal wounds
 e - a potion of haste
 f - 4 potions of magic
 g - a potion of berserk rage
 i - a potion of invisibility


   Skills:
 + Level 11.5 Fighting
 + Level 14.8 Axes
 + Level 6.4 Armour
 + Level 5.2 Dodging
 + Level 1.2 Stealth


You had 6 spell levels left.
You didn't know any spells.
Your spell library was empty.

Dungeon Overview and Level Annotations

Branches:
Dungeon (1/1)

Altars:
Cheibriados
Dithmenos
Elyvilon
Fedhas
Gozag
Hepliaklqana
Kikubaaqudgha
Makhleb
Nemelex Xobeh
Okawaru
Qazlal
Ru
Sif Muna
Trog
Uskayaw
Vehumet
Wu Jian
Xom
Yredelemnul
Zin
The Shining One
Beogh
Jiyva
Lugonu


Message History

The tengu warrior claws you but does no damage.
You swap places.
Your ogre completely misses the tengu warrior.
The tengu warrior barely misses your ogre.
The tengu warrior pecks your ogre. The tengu warrior claws your ogre.
You recover from your berserk rage.
Your ogre barely misses the tengu warrior.
The tengu warrior hits your ogre with a +3 great sword!
The tengu warrior pecks your ogre.
The tengu warrior barely misses your ogre.
Your ogre closely misses the tengu warrior.
The tengu warrior hits your ogre with a +3 great sword!!
Your ogre dies!
Your ogre's corpse disappears in a puff of smoke!
You see here a yak corpse.
There is an open door to the Dungeon, spattered with blood here.
You see here a howler monkey corpse.
The tengu warrior attacks as you move away!
The tengu warrior hits you with a +3 great sword!
The tengu warrior pecks you but does no damage.
The tengu warrior misses you.
The tengu warrior attacks as you move away!
The tengu warrior hits you but does no damage.
The tengu warrior pecks you but does no damage.
The tengu warrior claws you.
* * * LOW HITPOINT WARNING * * *
Items here: ))))).
You see here 2 scrolls of amnesia.
The tengu warrior barely misses you. The tengu warrior pecks you.
* * * LOW HITPOINT WARNING * * *
The tengu warrior barely misses you.
There is an open door here.
You miss the tengu warrior.
The tengu warrior is severely wounded.
The tengu warrior hits you with a +3 great sword!!
* * * LOW HITPOINT WARNING * * *
The tengu warrior pecks you.
* * * LOW HITPOINT WARNING * * *
The tengu warrior claws you.
You die... ▓▓▓▓▓▓▓▓▓▓▓▓▓▓▓▓▓▓▓▓▓▓▓▓▓▓▓▓▓▓▓▓▓ ________________@Q?O.lyc..††..... ▓▓▓▓▓▓▓▓▓▓▓▓▓▓▓▓▓▓▓▓▓▓▓▓▓▓▓▓▓▓▓▓▓

You could see a tengu warrior, a centaur warrior, a two-headed ogre, a basilisk and a vampire mosquito.

Vanquished Creatures
  A wraith (D)
  3 yaks (D)
  4 howler monkeys (D)
  A hound (D)
  A gnoll (D)
  An orc (D)
  An endoplasm (D)
  A hobgoblin (D)
  A quokka (D)
  A bat (D)
  A rat (D)
16 creatures vanquished.

Notes
Turn   | Place    | Note
-------+----------+-------------------------------------------
     0 | D        | sircluck the Hill Orc Berserker began the quest for the
                  | Orb.
     0 | D        | Reached XP level 1. HP: 19/19 MP: 1/1
    15 | D        | Reached ** piety under Trog
    19 | D        | Reached skill level 5 in Axes
    31 | D        | Noticed a hound
    31 | D        | Noticed a howler monkey
    31 | D        | Noticed a howler monkey
    38 | D        | Reached skill level 5 in Fighting
    38 | D        | Reached skill level 6 in Axes
    38 | D        | Reached XP level 2. HP: 29/29 MP: 2/2
    46 | D        | Reached *** piety under Trog
    47 | D        | Reached skill level 7 in Axes
    47 | D        | Reached XP level 3. HP: 37/37 MP: 3/3
    51 | D        | Reached skill level 8 in Axes
    51 | D        | Reached XP level 4. HP: 29/45 MP: 4/4
    63 | D        | Reached skill level 9 in Axes
    63 | D        | Reached XP level 5. HP: 18/52 MP: 5/5
    68 | D        | Found a roughly hewn altar of Beogh.
    68 | D        | Found a snail-covered altar of Cheibriados.
    68 | D        | Found a shadowy altar of Dithmenos.
    68 | D        | Found a white marble altar of Elyvilon.
    68 | D        | Found a blossoming altar of Fedhas.
    68 | D        | Found an opulent altar of Gozag.
    69 | D        | Found a hazy altar of Hepliaklqana.
    70 | D        | Found a viscous altar of Jiyva.
    71 | D        | Found an ancient bone altar of Kikubaaqudgha.
    72 | D        | Found a corrupted altar of Lugonu.
    73 | D        | Found a burning altar of Makhleb.
    74 | D        | Found a sparkling altar of Nemelex Xobeh.
    75 | D        | Found an iron altar of Okawaru.
    76 | D        | Found a stormy altar of Qazlal.
    77 | D        | Found a sacrificial altar of Ru.
    78 | D        | Found a shimmering blue altar of Sif Muna.
    79 | D        | Found a bloodstained altar of Trog.
    80 | D        | Found a hide-covered altar of Uskayaw.
    81 | D        | Found a radiant altar of Vehumet.
    82 | D        | Found an ornate altar of the Wu Jian Council.
    83 | D        | Found a shimmering altar of Xom.
    84 | D        | Found a basalt altar of Yredelemnul.
    85 | D        | Found a glowing silver altar of Zin.
    86 | D        | Found a glowing golden altar of the Shining One.
   179 | D        | Noticed a yak
   179 | D        | Noticed a wraith
   179 | D        | Noticed a yak
   179 | D        | Noticed a yak
   184 | D        | Killed a yak
   184 | D        | Reached **** piety under Trog
   185 | D        | Reached skill level 11 in Axes
   185 | D        | Reached XP level 6. HP: 63/63 MP: 6/6
   186 | D        | Killed a wraith
   187 | D        | Reached skill level 10 in Fighting
   187 | D        | Reached skill level 12 in Axes
   187 | D        | Reached skill level 5 in Armour
   187 | D        | Reached skill level 1 in Stealth
   188 | D        | Reached skill level 13 in Axes
   188 | D        | Reached XP level 7. HP: 73/73 MP: 7/7
   191 | D        | Killed a yak
   193 | D        | Reached skill level 14 in Axes
   193 | D        | Reached skill level 5 in Dodging
   196 | D        | Killed a yak
   196 | D        | Reached ***** piety under Trog
   222 | D        | Noticed a tengu warrior
   222 | D        | Noticed a two-headed ogre
   222 | D        | Noticed a basilisk
   222 | D        | Noticed a vampire mosquito
   222 | D        | Noticed a centaur warrior
   222 | D        | Noticed a green ugly thing
   243 | D        | HP: 2/74 [tengu warrior/+3 great sword (2)]
   243 | D        | Slain by a tengu warrior

Illustrated notes

Levels and vault maps discovered:
D:        linesprint [early_d, line_temple, items_1, d_10, items_2, lair_1,
          lair_end, items_3, orc_1, orc_end, items_4, d_15, swamp_1, shoals_1,
          snake_1, spider_1, d_20, vaults_1, items_5, swamp_end, shoals_end,
          snake_end, spider_end, vaults_end, d_27, items_6, zot_1, zot_end,
          crypt_end, forest_end, elf_end, slime_end, tomb_end, abyss_end,
          pan_hell_end]

Skill      XL: |  1  2  3  4  5  6  7 |
---------------+----------------------+-----
Fighting       | 5 6 7 9 10 11 | 11.5
Axes           | 6 7 8 9 11 13 14 | 14.8
Armour         | 3 4 5 6 |  6.4
Dodging        | 2 3 4 5 |  5.2
Stealth        | 1 |  1.2

Action                     |  1- 3 |  4- 6 |  7- 9 || total
---------------------------+-------+-------+-------++-------
  Melee: Hand axe          |    38 |    12 |       ||    50
         War axe           |       |     7 |     9 ||    16
 Invoke: Berserk           |     1 |     1 |       ||     2
         Brothers in Arms  |       |       |     1 ||     1
 Armour: Animal skin       |    10 |     1 |       ||    11
         Scale mail        |       |       |     8 ||     8
  Dodge: Dodged            |    22 |    12 |     7 ||    41

Table legend: (Time is in decaauts)
 A = Elapsed time spent in this place.
 B = Non-inter-level travel time spent in this place.
 C = Inter-level travel time spent in this place.
 D = Time resting spent in this place.
 E = Time spent auto-exploring this place.
 F = Levels seen in this place.
 G = Mean time per level.
                   A        B        C        D        E       F      G
               +--------+--------+--------+--------+--------+-----+--------+
         Total |    260 |    260 |      0 |     13 |     41 |   1 |  260.0 |
       Dungeon |    260 |    260 |      0 |     13 |     41 |   1 |  260.0 |
               +--------+--------+--------+--------+--------+-----+--------+

Top non-repeatable levels by time:
       D: 260 daAuts
